 Seeded DCSS version 0.28-a0-723-g095bd1b44f (webtiles) character file.

Game seed: 1962 (custom seed)

452 dracfodder the Digger (level 7, -2/36 HPs)
             Began as a Gargoyle Earth Elementalist on Oct 26, 2021.
             Slain by a phantom (7 damage)
             ... on level 4 of the Dungeon.
             The game lasted 00:27:38 (3857 turns).

dracfodder the Digger (Gargoyle Earth Elementalist) Turns: 3857, Time: 00:27:38

Health: -2/36      AC:  8    Str: 12    XL:     7   Next: 5%
Magic:  2/12       EV: 12    Int: 17    God:
Gold:   180        SH:  0    Dex: 10    Spells: 2/13 levels left

rFire   . . .      SeeInvis .   d - +2 whip
rCold   . . .      Faith    .   (no shield)
rNeg    + . .      Spirit   .   b - +2 robe
rPois   ∞          Reflect  .   (no helmet)
rElec   +          Harm     .   (no cloak)
rCorr   .          Rampage  .   (no gloves)
Will    .....                   (no boots)
Stlth   ++........              (no amulet)
HPRegen 0.12/turn               (no ring)
MPRegen 0.13/turn               (no ring)

@: no status effects
A: sickness immunity, AC +4, negative energy resistance 1, electricity
resistance, torment resistance 1, petrification resistance
a: no special abilities


You were on level 4 of the Dungeon.
You visited 1 branch of the dungeon, and saw 4 of its levels.

You collected 180 gold pieces.

Inventory:

Hand Weapons
 d - a +2 whip (weapon)
 e - a +0 hunting sling
 q - a +2 halberd of freezing
Missiles
 a - 38 arrows
 c - 103 stones
 f - 2 throwing nets
 h - 4 poisoned darts (quivered)
 l - 34 bolts
 p - a sling bullet
Armour
 b - a +2 robe (worn)
Scrolls
 n - a scroll of identify
Potions
 g - a potion of cancellation
 i - a potion of heal wounds {unknown}
 j - a potion of might {unknown}
 k - 2 potions of flight {unknown}
 m - a potion of brilliance {unknown}
 o - a potion of resistance {unknown}


   Skills:
 + Level 0.2 Fighting
 + Level 0.2 Maces & Flails
 + Level 0.6(1.6) Slings
 + Level 2.3(2.4) Throwing
 + Level 1.9 Dodging
 + Level 3.0 Stealth
 + Level 3.8 Spellcasting
 + Level 0.1 Conjurations
 + Level 1.0 Translocations
 + Level 0.7 Transmutations
 * Level 6.3 Earth Magic


You had 2 spell levels left.
You knew the following spells:

 Your Spells              Type           Power      Damage    Failure   Level
a - Sandblast             Erth           48%        2d12      1%          1
b - Passwall              Tmut/Erth      12%        N/A       6%          2
c - Stone Arrow           Conj/Erth      28%        3d8       13%         3
d - Petrify               Tmut/Erth      15%        N/A       36%         4
e - Apportation           Tloc           12%        N/A       11%         1

Your spell library contained the following spells:

 Spells                   Type           Power      Damage    Failure   Level
 Dazzling Flash           Conj/Hex       6%         N/A       43%         3
 Alistair's Intoxication  Tmut/Pois      2%         N/A       98%         5
 Agony                    Necr           3%         N/A       99%         5
 Silence                  Hex/Air        1%         N/A       99%         5
 Invisibility             Hex            1%         N/A       100%        6


Dungeon Overview and Level Annotations

Branches:
Dungeon (4/15)
 Temple: D:4-7

Altars:
Dithmenos


Innate Abilities, Weirdness & Mutations

You are immune to sickness and miasma.
Your stone body is resilient. (AC +4)
You are immune to poison.
You resist negative energy. (rN+)
You are resistant to electric shocks. (rElec)
You are resistant to unholy torment.
You are immune to petrification.


Message History

The poisoned dart barely misses the orc.
Throw: 5 darts (poison)
Press: ? - help, Q - select action, (/) - cycle Shift-Dir - straight line, f/p - orc
Aim: an orc, wielding a +0 club and wearing a +0 leather armour (56% to hit)
You throw a poisoned dart.
The poisoned dart barely misses the orc.
The poisoned dart hits the orc.
The orc is poisoned.
Your +2 halberd of freezing glows with a cold blue light!
q - a +2 halberd of freezing (weapon)
You hit the orc. You freeze the orc.
You kill the orc!
The orc hits you but does no damage.
You hit the orc. You freeze the orc.
You kill the orc!
Your +2 halberd of freezing stops glowing.
d - a +2 whip (weapon)
You hit the phantom.
The phantom is lightly damaged.
The phantom closely misses you.
You closely miss the phantom.
The phantom is lightly damaged.
The phantom hits you but does no damage.
The phantom completely misses you.
You hit the phantom.
The phantom is lightly damaged.
The phantom closely misses you. The phantom hits you.
You whack the phantom!
The phantom is moderately damaged.
The phantom hits you.
The phantom hits you but does no damage.
You miss the phantom.
The phantom is moderately damaged.
The phantom hits you.
The phantom blinks!
You blink.
Found 21 bolts, 14 gold pieces, a potion of lignification and a quick blade.
You miss the phantom.
The phantom is moderately damaged.
The phantom hits you!
* * * LOW HITPOINT WARNING * * *
The phantom hits you!
You die...

.*#......#...#......#
,##...(...#.........#
,.............).....####*
........)..##...........*
#.....##...##...........*
.....#*#)#....)...(.....*
*....* #)##..)).).......*
,...,**#....###.W.......*
,.........###*#.@...(...*
,...#..(........#W......*
*,,...........##*....(##*
,....#.(.....## *.....#
*.#..........# *..$..#
,....##.>....#***.....#
*#.#.*#......#*,,...###
,,,..##......#*,,!.)#
*,>,,........##.,,,,*


You could see 2 phantoms.

Vanquished Creatures
  An ogre (D:3)
  A bullfrog skeleton (D:4)
  A gnoll shaman (D:4)
  An orc priest (D:4)
  A hound (D:4)
  Natasha (twice) (D:3)
  7 gnolls
  A howler monkey skeleton (D:4)
  5 adders
  An adder skeleton (D:4)
  2 worms
  2 dart slugs (D:2)
  5 orcs
  4 ball pythons
  6 endoplasms
  3 giant cockroaches
  7 hobgoblins
  4 quokkas
  3 bats
  2 frilled lizards
  10 goblins
  6 kobolds
  2 rats
77 creatures vanquished.

Notes
Turn   | Place    | Note
-------+----------+-------------------------------------------
     0 | D:1      | dracfodder the Gargoyle Earth Elementalist began the quest
                  | for the Orb.
     0 | D:1      | Reached XP level 1. HP: 10/10 MP: 3/3
    60 | D:1      | You fall into a shaft and drop 1 floor!
   133 | D:2      | Reached skill level 4 in Earth Magic
   148 | D:2      | Reached XP level 2. HP: 14/15 MP: 1/5
   641 | D:1      | Learned a level 2 spell: Passwall
   876 | D:1      | Reached XP level 3. HP: 16/19 MP: 4/6
   887 | D:1      | Learned a level 3 spell: Stone Arrow
   980 | D:1      | Found a faded altar of an unknown god.
  2175 | D:3      | Reached XP level 4. HP: 24/24 MP: 4/7
  2672 | D:3      | Reached skill level 5 in Earth Magic
  2791 | D:3      | Noticed Natasha
  2809 | D:3      | Reached skill level 1 in Throwing
  2809 | D:3      | Reached XP level 5. HP: 27/28 MP: 9/9
  2810 | D:3      | Killed Natasha
  2974 | D:3      | Noticed Natasha
  2978 | D:3      | Killed Natasha
  3213 | D:3      | Noticed an ogre
  3220 | D:3      | Killed an ogre
  3221 | D:3      | Reached skill level 6 in Earth Magic
  3221 | D:3      | Reached XP level 6. HP: 32/32 MP: 7/10
  3226 | D:3      | Learned a level 4 spell: Petrify
  3517 | D:3      | Learned a level 1 spell: Apportation
  3609 | D:4      | Found a shadowy altar of Dithmenos.
  3818 | D:4      | Reached skill level 1 in Translocations
  3845 | D:4      | Reached XP level 7. HP: 18/36 MP: 0/12
  3857 | D:4      | Slain by a phantom

Illustrated notes

Levels and vault maps discovered:
D:1:      eino_arrival_water_cross, layout_basic,
          chequers_ecumenical_altar_simple
D:2:      layout_basic
D:3:      layout_basic, uniq_natasha
D:4:      layout_rooms, mainiacjoe_overflow_concentric_impassable

Skill      XL: |  1  2  3  4  5  6 |
---------------+-------------------+-----
Earth Magic    | 4 5 6 |  6.3
Throwing       | 1 2 |  2.3
Stealth        | 3 |  3.0
Spellcasting   | 3 |  3.8
Translocations | 1 |  1.0
Fighting       | |  0.2
Maces & Flails | |  0.2
Slings         | |  0.6
Dodging        | |  1.9
Conjurations   | |  0.1
Transmutations | |  0.7

Action                   |  1- 3 |  4- 6 |  7- 9 || total
-------------------------+-------+-------+-------++-------
Melee: Club              |    51 |       |       ||    51
       Whip              |       |    29 |     6 ||    35
       Halberd           |       |       |     2 ||     2
 Fire: Hunting sling     |       |    11 |       ||    11
Throw: Dart              |    35 |    54 |     3 ||    92
 Cast: Sandblast         |    23 |    39 |       ||    62
       Stone Arrow       |    10 |    10 |       ||    20
       Passwall          |     1 |       |       ||     1
       Apportation       |       |     9 |       ||     9
  Use: Scroll            |       |     9 |       ||     9
       Potion            |       |     2 |       ||     2
Armor: Robe              |    11 |    11 |     3 ||    25
       Skin              |       |    11 |       ||    11
Dodge: Dodged            |    42 |    24 |     3 ||    69

Table legend: (Time is in decaauts)
 A = Elapsed time spent in this place.
 B = Non-inter-level travel time spent in this place.
 C = Inter-level travel time spent in this place.
 D = Time resting spent in this place.
 E = Time spent auto-exploring this place.
 F = Levels seen in this place.
 G = Mean time per level.
                   A        B        C        D        E       F      G
               +--------+--------+--------+--------+--------+-----+--------+
         Total |   3854 |   3801 |     53 |   1259 |   1338 |   4 |  963.5 |
       Dungeon |   3854 |   3801 |     53 |   1259 |   1338 |   4 |  963.5 |
               +--------+--------+--------+--------+--------+-----+--------+

Top non-repeatable levels by time:
     D:3: 1371 daAuts
     D:1: 1202 daAuts
     D:2: 968 daAuts
     D:4: 311 daAuts
